 Dungeon Crawl Stone Soup version 0.30-a0-802-gb92711bcdf (webtiles) character file.

Game seed: 7357822243804854029

215 cforsyth the Sneak (level 6, -1/38 HPs)
             Began as a Kobold Brigand on Feb 23, 2023.
             Slain by a centaur (6 damage)
             ... on level 5 of the Dungeon.
             The game lasted 00:05:07 (3634 turns).

cforsyth the Sneak (Kobold Brigand)                 Turns: 3634, Time: 00:05:07

Health: -1/38      AC:  6    Str:  8    XL:     6   Next: 15%
Magic:  6/6        EV: 15    Int: 12    God:
Gold:   231        SH:  0    Dex: 19    Spells: 5/5 levels left

rFire   . . .      SeeInvis .    a - +2 dagger
rCold   . . .      Faith    .    (no shield)
rNeg    . . .      Spirit   .    v - +2 leather armour {Will+}
rPois   .          Reflect  .    (no helmet)
rElec   .          Harm     .    c - +0 cloak
rCorr   .          Rampage  .    (no gloves)
Will    +....                    (no boots)
Stlth   ++++                     (no amulet)
HPRegen 0.26/turn                (no ring)
MPRegen 0.10/turn                (no ring)

@: mighty
A: small, no large weapons, nightstalker 3
a: no special abilities


You were on level 5 of the Dungeon.
You visited 1 branch of the dungeon, and saw 5 of its levels.

You collected 231 gold pieces.

Inventory:

Hand Weapons
 a - a +2 dagger (weapon)
Missiles
 d - 15 poisoned darts (quivered)
 e - 3 curare-tipped darts
Armour
 c - a +0 cloak (worn)
 v - a +2 leather armour of willpower (worn)
Jewellery
 m - a ring of ice
 t - an amulet of guardian spirit
Scrolls
 b - a scroll of noise {unknown}
 g - 2 scrolls of teleportation
 i - a scroll of magic mapping
 n - a scroll of blinking
 r - 2 scrolls of identify {unknown}
 s - a scroll of acquirement {unknown}
 u - a scroll of enchant weapon {unknown}
 w - a scroll of fear {unknown}
Potions
 f - 2 potions of degeneration {unknown}
 h - 2 potions of curing {unknown}
 k - a potion of heal wounds {unknown}
 l - a potion of brilliance {unknown}
 o - a potion of haste {unknown}
 p - a potion of mutation {unknown}
 q - a potion of might
 x - a potion of ambrosia {unknown}
 z - a potion of berserk rage {unknown}


   Skills:
 + Level 3.7 Fighting
 + Level 4.5 Short Blades
 - Level 2.1 Throwing
 + Level 3.4 Dodging
 + Level 6.6 Stealth


You had 5 spell levels left.
You didn't know any spells.
Your spell library contained the following spells:

 Spells                   Type           Power      Damage    Failure   Level
 Sandblast                Erth           0%         2d4       43%         1
 Passwall                 Tmut/Erth      0%         N/A       58%         2
 Stone Arrow              Conj/Erth      0%         3d7       82%         3


Dungeon Overview and Level Annotations

Branches:
Dungeon (5/15)             Temple (0/1) D:5

Altars:
Elyvilon
Gozag
Qazlal
Uskayaw

Annotations:
D:4 Edmund


Innate Abilities, Weirdness & Mutations

You are small and have problems with some larger weapons.
You are completely attuned to the shadows.


Message History

The centaur is heavily wounded.
The centaur hits you.
The centaur kicks you but does no damage.
You hit the centaur but do no damage.
The centaur is heavily wounded.
The centaur hits you but does no damage.
The centaur kicks you.
You hit the centaur but do no damage.
The centaur is heavily wounded.
The centaur misses you.
The centaur kicks you but does no damage.
You hit the centaur but do no damage.
The centaur is heavily wounded.
The centaur completely misses you. The centaur kicks you.
You hit the centaur but do no damage.
The centaur is heavily wounded.
The centaur hits you.
* * * LOW HITPOINT WARNING * * *
The centaur kicks you.
* * * LOW HITPOINT WARNING * * *
The centaur barely misses you. The centaur misses you.
You hit the centaur.
The centaur is heavily wounded.
The centaur hits you.
* * * LOW HITPOINT WARNING * * *
The centaur barely misses you.
You hit the centaur.
The centaur is severely wounded.
The centaur hits you.
* * * LOW HITPOINT WARNING * * *
The centaur barely misses you.
It was a potion of might.
You feel very mighty all of a sudden. The centaur misses you.
The centaur closely misses you. The centaur barely misses you.
The centaur kicks you but does no damage.
You barely miss the centaur.
The centaur is severely wounded.
The centaur hits you.
You die...

*,,,,,,,>,...#
*******,*****,,,.#.#
*,,,,,*,* **,,.#.#
*,***,*,******,,.[..
*,* *,,,,,,,**,,....
*,*****,***,**,,....
*,,,,,,,* *,***#.#..
*########**,* #.#(#
#.@.....,*,* #.#..
#c######,*,####.##.
#o#..#**,*,#.......
#.#..#.,,*,#.##.#..
#.#...,.,*,#.##.#..
#.#.##..,*,#.##.#..
#.......,.,#.##.###
###.###*##.#.##.#
#.#,,,...#.##.#


You could see a centaur and an orc.

Vanquished Creatures
  2 orc priests
  An orc wizard (D:5)
  6 adders
  A worm (D:2)
  2 dart slugs
  8 orcs
  3 endoplasms (D:3)
  4 giant cockroaches
  4 goblins
  4 hobgoblins
  3 jackals (D:3)
  7 quokkas
  5 ball pythons
  5 bats
  3 frilled lizards
  3 kobolds
  2 rats (D:3)
63 creatures vanquished.

Vanquished Creatures (others)
  28 plants
28 creatures vanquished.

Grand Total: 91 creatures vanquished

Notes
Turn   | Place    | Note
-------+----------+-------------------------------------------
     0 | D:1      | cforsyth the Kobold Brigand began the quest for the Orb.
     0 | D:1      | Reached XP level 1. HP: 12/12 MP: 1/1
    94 | D:1      | Found a faded altar of an unknown god.
   376 | D:1      | Reached XP level 2. HP: 18/18 MP: 2/2
  1260 | D:1      | Reached XP level 3. HP: 11/22 MP: 3/3
  1583 | D:2      | Reached XP level 4. HP: 27/27 MP: 4/4
  1929 | D:3      | Reached skill level 6 in Stealth
  2099 | D:3      | Reached XP level 5. HP: 10/32 MP: 5/5
  2808 | D:3      | Found a white marble altar of Elyvilon.
  2870 | D:3      | Found a stormy altar of Qazlal.
  2903 | D:3      | Found a hide-covered altar of Uskayaw.
  3304 | D:4      | Found an opulent altar of Gozag.
  3320 | D:4      | Noticed Edmund
  3525 | D:4      | Noticed a black bear
  3532 | D:5      | Entered Level 5 of the Dungeon
  3543 | D:5      | Reached XP level 6. HP: 37/37 MP: 6/6
  3634 | D:5      | Slain by a centaur

Illustrated notes

Levels and vault maps discovered:
D:1:      dpeg_arrival_oval, layout_basic,
          shapermc_ecumenical_altar_mp_ritualfount, corexii_leaking_fountain,
          grunt_decor_fettered, hangedman_decor_growths, minivault_19
D:2:      layout_basic
D:3:      layout_loops_ring, mainiacjoe_overflow_paths,
          mainiacjoe_overflow_swirl, serial_forest, infiniplex_forest_end_2,
          infiniplex_forest_straight_4, infiniplex_forest_clump_small,
          infiniplex_forest_straight_3, infiniplex_forest_straight_2,
          infiniplex_forest_straight_5, infiniplex_forest_clump_double,
          infiniplex_forest_clump_double, infiniplex_forest_zigzag_1,
          infiniplex_forest_clump_small
D:4:      layout_layer_cave, grunt_gozag_breadcrumbs, serial_bayou,
          serial_bayou_lagoon_a, serial_bayou_ford_a, serial_bayou_pond_b,
          serial_bayou_shore_a, st_stairs_6, uniq_edmund
D:5:      lemuel_ratsnest, layout_basic, temple_pool_b

Skill      XL: |  1  2  3  4  5 |
---------------+----------------+-----
Short Blades   | 3 4 |  4.5
Dodging        | 2 3 |  3.4
Fighting       | 3 |  3.7
Stealth        | 6 |  6.6
Throwing       | |  2.1

Action                     |  1- 3 |  4- 6 || total
---------------------------+-------+-------++-------
  Melee: Dagger            |    66 |   159 ||   225
         Punch             |     1 |     2 ||     3
    Use: Scroll            |       |     4 ||     4
         Potion            |       |     1 ||     1
   Stab: Sleeping          |     9 |    18 ||    27
 Armour: Robe              |     9 |    12 ||    21
         Leather armour    |       |    24 ||    24
  Dodge: Dodged            |    40 |   105 ||   145

Table legend: (Time is in decaauts)
 A = Elapsed time spent in this place.
 B = Non-inter-level travel time spent in this place.
 C = Inter-level travel time spent in this place.
 D = Time resting spent in this place.
 E = Time spent auto-exploring this place.
 F = Levels seen in this place.
 G = Mean time per level.
                   A        B        C        D        E       F      G
               +--------+--------+--------+--------+--------+-----+--------+
         Total |   3593 |   3547 |     46 |    498 |   2521 |   5 |  718.6 |
       Dungeon |   3593 |   3547 |     46 |    498 |   2521 |   5 |  718.6 |
               +--------+--------+--------+--------+--------+-----+--------+

Top non-repeatable levels by time:
     D:1: 1397 daAuts
     D:3: 1173 daAuts
     D:2: 548 daAuts
     D:4: 377 daAuts
     D:5: 97 daAuts
